 Dungeon Crawl Stone Soup version 0.31.0-12-g77e489cdc1 (webtiles) character file.

Game seed: 1775497782277800669

139 Heoruswealwe the Conjurer (level 5, -9/28 HPs)
             Began as a Deep Elf Conjurer on Feb 15, 2024.
             Mangled by Edmund
             ... wielding a +4 heavy flail
              (14 damage)
             ... on level 4 of the Dungeon.
             The game lasted 00:23:06 (2281 turns).

Heoruswealwe the Conjurer (Deep Elf Conjurer)       Turns: 2281, Time: 00:23:07

Health: -9/28      AC:  5    Str:  4    XL:     5   Next: 1%
Magic:  2/14       EV: 12    Int: 25    God:
Gold:   23         SH:  0    Dex: 13    Spells: 3/14 levels left

rFire   . . .        a - +5 Force Lance {heavy, knockback}
rCold   . . .        (no shield)
rNeg    + . .        c - +0 robe
rPois   .            g - +2 helmet
rElec   .            (no cloak)
rCorr   .            (no gloves)
SInv    .            (no boots)
Will    .....        (no amulet)
Stlth   ++           k - ring of positive energy
HPRegen 0.24/turn    (no ring)
MPRegen 0.14/turn

%: no passive effects
@: no status effects
A: no striking features
a: no special abilities


You were on level 4 of the Dungeon.
You visited 1 branch of the dungeon, and saw 4 of its levels.

You collected 149 gold pieces.
You spent 126 gold pieces at shops.

Inventory:

Hand Weapons
 a - the +5 Force Lance (weapon) {heavy, knockback}
   (You found it on level 2 of the Dungeon)
Armour
 c - a +0 robe (worn)
 g - a +2 helmet (worn)
Jewellery
 k - a ring of positive energy (left hand)
Scrolls
 d - a scroll of fear {unknown}
 m - a scroll of teleportation {unknown}
 q - a scroll of revelation
Potions
 b - a potion of magic
 e - a potion of curing {unknown}
 f - a potion of lignification {unknown}
 h - 2 potions of heal wounds {unknown}
 i - 5 potions of haste {unknown}
 j - 2 potions of might {unknown}
 l - a potion of attraction {unknown}
 n - a potion of degeneration {unknown}
 p - a potion of mutation {unknown}


   Skills:
 - Level 2.4 Dodging
 - Level 2.4 Stealth
 + Level 5.4 Spellcasting
 + Level 5.8 Conjurations


You had 3 spell levels left.
You knew the following spells:

 Your Spells              Type           Power      Damage    Failure   Level
a - Magic Dart            Conj           100%       1d8       1%          1
b - Searing Ray           Conj           70%        2d7       1%          2
c - Fulminant Prism       Conj/Alch      10%        3d9       24%         4
d - Iskenderun's Mystic   Conj/Tloc      21%        2d6       24%         4

Your spell library contained the following spells:

 Spells                   Type           Power      Damage    Failure   Level
 Cigotuvi's Dreadful Rot  Necr/Alch/Air  12%        N/A       12%         2
 Dispel Undead            Necr           6%         3d8       61%         4
 Martyr's Knell           Necr/Summ      6%         N/A       61%         4
 Death Channel            Necr           3%         N/A       100%        6


Dungeon Overview and Level Annotations

Branches:
Dungeon (4/15)
 Temple: D:4-7

Altars:

Shops:
D:3 ?

Annotations:
D:4 Edmund


Message History

Edmund is lightly wounded. (Press . to maintain the ray.)
The searing ray hits Edmund.
Edmund is lightly wounded.
The searing ray hits Edmund but does no damage.
Edmund is lightly wounded.
The searing ray hits Edmund.
Edmund is moderately wounded.
You finish channelling your searing ray.
Edmund closely misses you.
Casting: Searing Ray (safe; 1% risk of failure)
Confirm with . or Enter, or press ? or * to list all spells.
Aiming: Searing Ray (safe; 1% risk of failure)
Press: ? - help, Shift-Dir - straight line, f/p - Edmund
Aim: Edmund, wielding a +4 heavy flail and wearing a +0 chain mail (moderately wounded, 86% to hit)
The searing ray hits Edmund.
Edmund is moderately wounded. (Press . to maintain the ray.)
The searing ray misses Edmund.
Edmund hits you with a +4 heavy flail!
Ouch! That really hurt!
The searing ray hits Edmund but does no damage.
Edmund is moderately wounded.
Edmund hits you with a +4 heavy flail.
* * * LOW HITPOINT WARNING * * *
Okay, then.
The searing ray hits Edmund!
Edmund is heavily wounded.
You finish channelling your searing ray.
Casting: Searing Ray (safe; 1% risk of failure)
Confirm with . or Enter, or press ? or * to list all spells.
Aiming: Searing Ray (safe; 1% risk of failure)
Press: ? - help, Shift-Dir - straight line, f/p - Edmund
Aim: Edmund, wielding a +4 heavy flail and wearing a +0 chain mail (heavily wounded, 86% to hit)
The searing ray hits Edmund!
Edmund is severely wounded. (Press . to maintain the ray.) Edmund hits you with a +4 heavy flail!
Ouch! That really hurt!
You die...
Edmund whines, "They better pay attention to me now!"

#.##....######**,**,,***,,****,,*
###....##....###.*******,,****,,*
###....#.?.......,,,,...,,,,,*,,,
###....#........,,,,,...,,,,,,,,,
#....#......!,,,,,....,,,,8,,,,
#..>.#.....##+##*.....,,,,,,,,,
**#....#.....##..##...#*,,8,∩,8**
,,#....#......#.!.....##,,,,,,,**
<,#.[..'......#.@@......,,,,8,,,,
,,+....#.....##.........,,,,,,,,,
,,#....#.....##.........,,,,,,,,,
,,#....#................,,,,,,,,,
,,#....#.........###+###,,,,,,,,,
,,+....#.........#*,,,**,,,**,**,
,,#....'.........#,,,,**,,,**,**,
,,#...(#.........#,,,,,,,,,,,,,,,
,,#....#.........#,,,,,,,,,,,,,,,


You could see Edmund.

Vanquished Creatures
  2 orc priests (D:3)
  A dart slug (D:1)
  A ribbon worm (D:2)
  7 orcs (D:3)
  9 ball pythons
  5 endoplasms
  3 giant cockroaches
  6 goblins
  8 hobgoblins
  4 quokkas
  4 bats
  3 frilled lizards
  3 kobolds
  7 rats
63 creatures vanquished.

Notes
Turn   | Place    | Note
-------+----------+-------------------------------------------
     0 | D:1      | Heoruswealwe the Deep Elf Conjurer began the quest for the
                  | Orb.
     0 | D:1      | Reached XP level 1. HP: 10/10 MP: 6/6
   183 | D:1      | Reached XP level 2. HP: 15/15 MP: 1/8
   186 | D:1      | Learned a level 2 spell: Searing Ray
   609 | D:1      | Reached XP level 3. HP: 19/19 MP: 8/10
   629 | D:1      | Reached skill level 5 in Conjurations
  1000 | D:2      | Found the +5 Force Lance {heavy, knockback}
  1078 | D:2      | Found a faded altar of an unknown god.
  1545 | D:3      | Reached skill level 5 in Spellcasting
  1545 | D:3      | Reached XP level 4. HP: 18/24 MP: 3/13
  1550 | D:3      | Learned a level 4 spell: Fulminant Prism
  1555 | D:3      | Learned a level 4 spell: Iskenderun's Mystic Blast
  1738 | D:3      | Found Ykhyoreil's Magic Scroll Emporium.
  1741 | D:3      | Bought a scroll of identify for 22 gold pieces
  1741 | D:3      | Bought a scroll of identify for 22 gold pieces
  1741 | D:3      | Bought a scroll of revelation for 82 gold pieces
  2122 | D:3      | Reached XP level 5. HP: 28/28 MP: 12/14
  2270 | D:4      | Noticed Edmund
  2281 | D:4      | Mangled by Edmund

Illustrated notes

Levels and vault maps discovered:
D:1:      psy_arrival_spokes, layout_basic
D:2:      layout_basic, shapermc_ecumenical_altar_totnotflames,
          minmay_misc_feat_more_columns
D:3:      layout_basic, serial_shops, nicolae_shop_window_shopping
D:4:      layout_gridville, gammafunk_temple_overflow_statue,
          nicolae_ossuary_entry_monument, uniq_edmund, uniq_sigmund

Skill      XL: |  1  2  3 |
---------------+----------+-----
Spellcasting   | 4 5 |  5.4
Conjurations   | 5 |  5.8
Dodging        | |  2.4
Stealth        | |  2.4

Action                     |  1- 3 |  4- 6 || total
---------------------------+-------+-------++-------
  Melee: Lance             |     3 |       ||     3
   Cast: Magic Dart        |    80 |    14 ||    94
         Searing Ray       |     2 |     5 ||     7
    Use: Scroll            |       |     5 ||     5
 Armour: Robe              |     4 |     4 ||     8
  Dodge: Dodged            |     7 |     3 ||    10
